 Dungeon Crawl Stone Soup version 0.27-a0-1532-gca18f49f40 (webtiles) character file.

Game seed: 16171308881012028155

80 karkarkar the Chopper (level 4, -1/40 HPs)
             Began as a Hill Orc Monk on July 12, 2021.
             Slain by Crazy Yiuf (13 damage)
             ... on level 2 of the Dungeon.
             The game lasted 00:04:17 (1968 turns).

karkarkar the Chopper (Hill Orc Monk)               Turns: 1968, Time: 00:04:17

Health: -1/40      AC: 11    Str: 13    XL:     4   Next: 39%
Magic:  4/4        EV:  6    Int: 10    God:
Gold:   79         SH:  0    Dex: 14    Spells: 3/3 levels left

rFire    . . .     SeeInvis .   a - +0 hand axe
rCold    . . .     Faith    .   (no shield)
rNeg     . . .     Spirit   .   i - +3 chain mail
rPois    .         Reflect  .   (no helmet)
rElec    .         Harm     .   (no cloak)
rCorr    .         Rampage  .   (no gloves)
Will     .....                  (no boots)
Stlth    ..........             d - amulet of the acrobat
HPRegen  0.13/turn              c - +4 ring of slaying
MPRegen  0.09/turn              (no ring)

@: very slightly contaminated, invisible
A: no striking features
a: no special abilities


You were on level 2 of the Dungeon.
You visited 1 branch of the dungeon, and saw 2 of its levels.

You collected 79 gold pieces.

Inventory:

Hand Weapons
 a - a +0 hand axe (weapon)
Armour
 i - a +3 chain mail (worn)
Jewellery
 c - a +4 ring of slaying (left hand)
 d - an amulet of the acrobat (around neck)
Scrolls
 b - a scroll of teleportation
 j - a scroll of silence
Potions
 e - a potion of attraction {unknown}
 f - 2 potions of berserk rage
 g - a potion of degeneration {unknown}


   Skills:
 + Level 4.3 Fighting
 + Level 5.4 Axes
 + Level 0.4 Armour
 + Level 2.8 Dodging
 + Level 1.7 Stealth


You had 3 spell levels left.
You didn't know any spells.
Your spell library was empty.

Dungeon Overview and Level Annotations

Branches:
Dungeon (2/15)

Altars:

Shops:
D:1 ?

Annotations:
D:2 Crazy Yiuf


Message History

No target in view!
No target in view!
No target in view!
A bat comes into view.
The bat moves out of view.
No target in view!
No target in view!
No target in view!
No target in view!
A bat is nearby!
You hit the bat.
You kill the bat!
No target in view!
No target in view!
No target in view!
Found a mace.
Found a runed translucent door.
No target in view!
Crazy Yiuf shouts!
You see here a +0 club.
Crazy Yiuf shouts!
You open the door. You hit Crazy Yiuf but do no damage.
Crazy Yiuf hits you but does no damage.
You hit Crazy Yiuf but do no damage.
Crazy Yiuf hits you with a +2 quarterstaff of chaos!
You are electrocuted!
You slash Crazy Yiuf!
Crazy Yiuf is heavily wounded.
Crazy Yiuf hits you with a +2 quarterstaff of chaos.
You closely miss Crazy Yiuf.
Crazy Yiuf is heavily wounded.
Crazy Yiuf whimpers, "Hah arm arga!"
Crazy Yiuf hits you with a +2 quarterstaff of chaos.
* * * LOW HITPOINT WARNING * * *
You fade into invisibility!
You are very lightly contaminated with residual magic.
You slash Crazy Yiuf!
Crazy Yiuf is almost dead.
Crazy Yiuf screams, "Flower dark broken!"
Crazy Yiuf hits you with a +2 quarterstaff of chaos!
You die...

#### ####### #... #.....###
#... ######..# #...
#..####... ###♣♣♣♣♣
#......... ##....♣.♣♣♣ ###
#......... ##......♣..♣#...#
#.....#... #......♣♣♣♣@g...#
#..##..... #.....♣♣ ♣♣#..)#
#..###.### #.###♣♣ ###
#..###...# #.# #...####.#
#.# #.### #.. #.#
##########..# ###
#.########.......###.#
#................###.#######
##########..................


You could see Crazy Yiuf.

Vanquished Creatures
  2 adders (D:2)
  An adder skeleton (D:2)
  2 dart slugs (D:2)
  6 ball pythons
  5 bats
  6 endoplasms
  3 giant cockroaches
  2 goblins (D:1)
  6 hobgoblins
  2 jackals (D:1)
  4 quokkas
  A frilled lizard (D:1)
  3 kobolds
  7 rats
50 creatures vanquished.

Vanquished Creatures (others)
  A plant (D:2)
1 creature vanquished.

Grand Total: 51 creatures vanquished

Notes
Turn   | Place    | Note
-------+----------+-------------------------------------------
     0 | D:1      | karkarkar the Hill Orc Monk began the quest for the Orb.
     0 | D:1      | Reached XP level 1. HP: 19/19 MP: 1/1
   346 | D:1      | Reached XP level 2. HP: 25/27 MP: 2/2
   823 | D:1      | Found Etal's Magic Scroll Boutique.
   827 | D:1      | Reached XP level 3. HP: 33/33 MP: 3/3
  1306 | D:2      | Reached skill level 5 in Axes
  1394 | D:2      | Reached XP level 4. HP: 40/40 MP: 4/4
  1811 | D:2      | Found a runed translucent door.
  1812 | D:2      | Noticed Crazy Yiuf
  1968 | D:2      | Slain by Crazy Yiuf

Illustrated notes

Levels and vault maps discovered:
D:1:      scummos_arrival_forest, layout_basic, serial_shops,
          nicolae_lakefront_shop
D:2:      layout_rooms, serial_bayou_ford_a, minmay_indecisive_spiral,
          uniq_crazy_yiuf_cottage

Skill      XL: |  1  2  3 |
---------------+----------+-----
Fighting       | 4 |  4.3
Axes           | 5 |  5.4
Armour         | |  0.4
Dodging        | |  2.8
Stealth        | |  1.7

Action                   |  1- 3 |  4- 6 || total
-------------------------+-------+-------++-------
Melee: Hand axe          |    80 |    40 ||   120
  Use: Scroll            |     2 |     1 ||     3
 Stab: Sleeping          |     1 |       ||     1
Armor: Robe              |     4 |       ||     4
       Chain mail        |    33 |    19 ||    52
Dodge: Dodged            |    46 |    18 ||    64

Table legend: (Time is in decaauts)
 A = Elapsed time spent in this place.
 B = Non-inter-level travel time spent in this place.
 C = Inter-level travel time spent in this place.
 D = Time resting spent in this place.
 E = Time spent auto-exploring this place.
 F = Levels seen in this place.
 G = Mean time per level.
                   A        B        C        D        E       F      G
               +--------+--------+--------+--------+--------+-----+--------+
         Total |   1985 |   1942 |     43 |     45 |   1571 |   2 |  992.5 |
       Dungeon |   1985 |   1942 |     43 |     45 |   1571 |   2 |  992.5 |
               +--------+--------+--------+--------+--------+-----+--------+

Top non-repeatable levels by time:
     D:1: 1146 daAuts
     D:2: 838 daAuts
